Map: Eternal Empire LE

Players

FuriousDroid

  • Race: Zerg Zerg
  • League: Diamond
  • Spawn Location: 1:00

Zaechus - Winner!

  • Race: Protoss Protoss
  • League: Diamond
  • Spawn Location: 7:00

VOD

Have the link to the VOD?

Description

Time

  • Played on: July 30, 2020, 8:46 p.m.
  • Length: 20:35
Show
View Real Time Build Order
Export as new Build Order

FuriousDroid Zerg 

Build Orders: Hatch First, Muta Ling Bane 

Get SALT Encoding   

  12  0:00  Drone  
  13  0:12  Overlord  
  13  0:16  Drone  
  14  0:31  Drone x2  
  16  0:49  Hatchery  
  15  0:53  Drone  
  15  0:56  Drone  
  17  1:00  Drone  
  18  1:05  Extractor  
  17  1:17  Spawning Pool  
  16  1:20  Drone  
  16  1:23  Drone  
  18  1:30  Drone  
  19  1:42  Drone  
  20  1:50  Overlord  
  20  2:01  Drone  
  21  2:04  Queen x2  
  25  2:09  Metabolic Boost  
  26  2:15  Drone  
  26  2:16  Drone  
  26  2:22  Overlord  
  27  2:32  Drone x3  
  27  2:34  Drone  
  31  2:45  Pneumatized Carapace  
  31  2:48  Queen  
  31  2:50  Drone  
  34  2:52  Drone  
  34  2:55  Drone  
  36  3:00  Overlord  
  36  3:06  Drone  
  36  3:07  Drone  
  38  3:14  Drone x5  
  43  3:21  Overlord  
  43  3:32  Lair, Extractor  
  43  3:33  Extractor  
  41  3:36  Drone x2  
  41  3:37  Drone  
  41  3:41  Extractor, Drone  
  45  3:46  Roach Warren  
  45  3:47  Drone, Baneling Nest  
  45  3:48  Drone  
  44  3:52  Spine Crawler  
  44  3:54  Spine Crawler  
  44  4:02  Drone  
  44  4:03  Drone x4  
  48  4:11  Overlord x2  
  48  4:17  Zergling x4  
  50  4:27  Roach  
  52  4:34  Roach x6  
  52  4:35  Glial Reconstitution  
  52  4:38  Baneling  
  64  4:39  Baneling  
  64  4:42  Baneling  
  64  4:45  Baneling  
  60  5:11  Roach x3  
  66  5:16  Extractor  
  65  5:30  Hatchery, Evolution Chamber  
  65  5:34  Drone x2  
  65  5:36  Roach  
  65  5:38  Overlord x5  
  67  5:57  Zerg Missile Weapons Level 1  
  67  5:58  Drone x3  
  67  5:59  Drone  
  67  6:00  Roach x3  
  77  6:06  Ravager  
  77  6:07  Ravager x2  
  77  6:08  Zergling x4  
  82  6:13  Zergling x2  
  82  6:14  Zergling x4  
  85  6:25  Zergling x2  
  85  6:26  Zergling x6  
  85  6:27  Roach  
  85  6:29  Baneling  
  85  6:30  Baneling x3  
  91  6:34  Zergling x2  
  92  6:57  Spire  
  92  6:58  Drone x2  
  93  7:06  Drone x9  
  93  7:07  Queen  
  104  7:21  Overlord x5  
  104  7:30  Overlord x4  
  102  7:47  Extractor  
  102  7:48  Extractor, Drone x3  
  102  7:49  Drone x3  
  102  7:50  Drone x4  
  110  7:53  Zerg Melee Weapons Level 1  
  110  8:00  Evolution Chamber  
  110  8:02  Drone x3  
  112  8:11  Drone x3  
  115  8:14  Hatchery, Zerg Flyer Weapons Level 1  
  115  8:16  Mutalisk x3  
  120  8:32  Spore Crawler  
  120  8:33  Baneling  
  119  8:34  Baneling x4  
  119  8:35  Baneling  
  119  8:36  Mutalisk, Spore Crawler  
  119  8:37  Mutalisk x3  
  126  8:43  Extractor  
  126  8:46  Drone x2  
  126  8:47  Extractor, Drone x3  
  126  8:48  Drone  
  130  8:53  Drone x3  
  130  8:55  Infestation Pit  
  132  8:57  Mutalisk x3  
  138  9:14  Drone x6  
  144  9:23  Hydralisk Den  
  133  9:33  Queen x2  
  133  9:34  Queen x2  
  133  9:36  Spore Crawler  
  140  9:39  Spore Crawler  
  140  9:41  Spore Crawler  
  140  9:44  Zerg Missile Weapons Level 2  
  138  9:46  Evolution Chamber  
  138  9:48  Zerg Ground Armor Level 1  
  138  9:49  Centrifical Hooks  
  138  9:51  Drone x7  
  144  9:54  Pathogen Glands  
  138  10:16  Hydralisk x2  
  142  10:24  Spore Crawler  
  142  10:25  Spore Crawler x2  
  139  10:46  Spore Crawler  
  139  10:47  Infestor x5  
  139  10:48  Spore Crawler  
  139  10:49  Hydralisk x2  
  151  10:51  Overlord x3  
  151  10:52  Overlord x3  
  151  10:54  Grooved Spines  
  151  11:03  Overlord x2  
  151  11:05  Overseer  
  151  11:06  Overseer x3  
  151  11:11  Zerg Melee Weapons Level 2  
  151  11:16  Hive  
  151  11:21  Drone  
  151  11:22  Hydralisk x3, Drone x5  
  151  11:23  Hydralisk  
  165  11:27  Hydralisk  
  167  11:32  Burrow  
  167  11:37  Neural Parasite  
  167  11:48  Zergling x2  
  167  11:49  Zergling x2  
  167  11:51  Zergling x2  
  167  11:52  Zergling x2  
  167  11:54  Hydralisk x8  
  187  12:05  Muscular Augments  
  183  12:18  Infestor  
  183  12:20  Zergling x18  
  183  12:21  Zergling x2  
  151  12:50  Hydralisk x6  
  151  12:51  Hydralisk x8  
  153  12:56  Infestor x2  
  163  12:59  Infestor x2  
  163  13:03  Hydralisk x6  
  167  13:15  Infestor  
  150  13:36  Hydralisk  
  150  13:37  Hydralisk x8  
  130  13:55  Hydralisk x3  
  136  14:09  Infestor x4  
  140  14:12  Hatchery  
  141  14:17  Hatchery  
  140  14:30  Zerg Melee Weapons Level 3  
  140  14:31  Zerg Ground Armor Level 2  
  140  14:38  Zerg Missile Weapons Level 3  
  140  14:46  Lurker Den  
  140  14:47  Infestor  
  141  15:04  Zergling x16  
  149  15:07  Hydralisk  
  149  15:08  Hydralisk x2  
  155  15:14  Greater Spire  
  153  15:34  Extractor  
  144  15:37  Extractor  
  143  15:45  Baneling x16  
  143  15:55  Hydralisk x6  
  131  16:25  Corruptor x6  
  125  16:29  Infestor  
  125  16:30  Infestor x4  
  133  16:35  Lurker  
  133  16:37  Drone x3  
  133  16:38  Drone x4  
  133  16:39  Drone x8  
  147  17:02  Hydralisk x5  
  139  17:20  Hydralisk  
  113  17:24  Hydralisk x4  
  96  17:31  Hydralisk  
  96  17:34  Lurker  
  58  18:01  Overseer  
  58  18:02  Overseer  
  58  18:03  Viper x2  
Show
View Real Time Build Order
Export as new Build Order

Zaechus Protoss - Winner!

Build Orders: 1 Gate Expand, Carriers 

Get SALT Encoding   

  12  0:00  Probe  
  13  0:12  Probe  
  14  0:19  Pylon  
  14  0:24  Probe  
  15  0:37  Gateway  
  15  0:39  Probe (Chrono Boost)  
  16  0:45  Assimilator  
  16  0:49  Probe (Chrono Boost)  
  17  0:55  Probe  
  18  1:08  Probe  
  19  1:20  Probe  
  20  1:28  Nexus  
  20  1:38  Cybernetics Core  
  20  1:42  Probe  
  21  1:48  Assimilator  
  21  1:54  Probe  
  21  1:58  Pylon  
  22  2:07  Probe (Chrono Boost), Stalker  
  23  2:18  Warp Gate  
  23  2:19  Probe (Chrono Boost)  
  26  2:27  Probe (Chrono Boost)  
  27  2:31  Twilight Council  
  27  2:33  Probe  
  28  2:39  Adept  
  30  2:47  Probe x2  
  32  2:58  Gateway  
  32  2:59  Probe  
  32  3:00  Probe  
  34  3:08  Resonating Glaives (Chrono Boost)  
  34  3:09  Gateway  
  34  3:19  Adept  
  36  3:21  Probe  
  36  3:23  Probe  
  38  3:33  Probe  
  39  3:34  Shield Battery  
  39  3:35  Probe  
  39  3:39  Pylon  
  40  3:44  Pylon  
  40  3:45  Probe  
  41  3:58  Probe x2  
  43  4:07  Adept x3  
  49  4:16  Probe x2  
  51  4:25  Stargate  
  51  4:30  Stargate  
  51  4:31  Nexus  
  51  4:33  Probe x2  
  51  4:36  Assimilator  
  53  4:39  Assimilator  
  53  4:46  Probe x2  
  49  5:09  Sentry x2  
  49  5:10  Zealot  
  51  5:15  Robotics Facility  
  51  5:16  Charge  
  51  5:25  Probe x2  
  53  5:33  Void Ray  
  53  5:34  Zealot x2, Protoss Air Weapons Level 1  
  61  5:37  Probe  
  61  5:42  Probe  
  63  5:44  Pylon  
  63  5:45  Probe  
  63  5:49  Probe  
  65  5:51  Pylon  
  65  5:54  Pylon  
  65  5:56  Void Ray  
  69  6:08  Probe x3  
  72  6:16  Phoenix  
  72  6:18  Gateway  
  74  6:19  Gateway  
  74  6:20  Probe x2  
  74  6:22  Probe, Gateway  
  77  6:30  Immortal  
  81  6:38  Probe  
  81  6:39  Probe x2, Phoenix  
  86  6:51  Probe x3  
  86  6:52  Assimilator  
  89  6:56  Assimilator  
  89  6:58  Pylon  
  89  7:02  Phoenix  
  89  7:03  Probe x2  
  89  7:04  Phoenix  
  95  7:09  Immortal  
  95  7:10  Probe  
  95  7:15  Probe (Chrono Boost)  
  101  7:17  Probe (Chrono Boost)  
  103  7:23  Probe (Chrono Boost), Pylon x2  
  103  7:27  Probe (Chrono Boost)  
  103  7:29  Probe (Chrono Boost)  
  105  7:33  Probe (Chrono Boost)  
  105  7:35  Probe x2 (Chrono Boost)  
  108  7:38  Probe (Chrono Boost), Phoenix x2  
  108  7:43  Probe (Chrono Boost)  
  103  7:44  Probe (Chrono Boost)  
  103  7:49  Probe (Chrono Boost)  
  104  7:51  Immortal  
  104  7:54  Probe (Chrono Boost)  
  104  7:55  Probe (Chrono Boost)  
  104  7:57  Probe (Chrono Boost)  
  111  7:59  Probe x2 (Chrono Boost)  
  111  8:03  Phoenix x2  
  117  8:21  Probe x3, Nexus  
  120  8:33  Probe x3  
  123  8:34  Pylon  
  123  8:36  Pylon  
  123  8:45  Probe x2  
  125  8:53  Immortal  
  125  8:55  Templar Archives  
  129  8:56  Pylon  
  129  8:57  Pylon  
  129  8:59  Pylon  
  129  9:01  Forge  
  129  9:02  Probe x3, Pylon  
  132  9:03  Fleet Beacon  
  132  9:11  Gateway  
  132  9:12  Gateway  
  132  9:14  Gateway  
  132  9:17  Gateway  
  132  9:35  Stalker x6  
  144  9:39  Pylon  
  144  9:42  Pylon  
  144  9:45  Immortal  
  148  9:49  Assimilator  
  148  9:53  Assimilator  
  148  10:21  High Templar x7  
  154  10:22  High Templar x3  
  166  10:30  Protoss Ground Weapons Level 1 (Chrono Boost)  
  166  10:31  Phoenix  
  168  10:43  Gateway  
  168  10:46  Stargate, Gateway  
  168  10:49  Stargate  
  171  10:51  Psionic Storm  
  171  10:52  Stargate  
  168  10:58  Archon x3  
  168  10:59  Archon x2  
  168  11:02  Immortal  
  168  11:03  Zealot x3  
  168  11:04  Zealot x4  
  182  11:05  Zealot x3  
  192  11:26  High Templar x3  
  192  11:27  High Templar  
  200  11:46  Protoss Air Weapons Level 2 (Chrono Boost)  
  200  12:02  Pylon  
  200  12:04  Pylon  
  180  12:43  High Templar x7  
  180  12:44  High Templar x3  
  172  13:01  Zealot x2  
  176  13:14  Carrier x2  
  176  13:19  Zealot  
  190  13:20  Zealot x5  
  190  13:21  Zealot  
  198  13:30  Nexus  
  198  13:32  Pylon  
  184  13:35  Pylon  
  153  13:48  Zealot  
  153  13:49  Zealot x6  
  153  13:50  Zealot x5  
  153  13:55  Probe  
  178  13:59  Carrier x3  
  196  14:11  Gateway  
  196  14:12  Gateway  
  196  14:15  Gateway  
  196  14:16  Archon x3  
  196  14:19  Assimilator  
  196  14:21  Mothership (Chrono Boost)  
  196  14:23  Assimilator  
  200  14:37  Photon Cannon  
  200  14:39  Shield Battery  
  200  14:40  Pylon  
  200  14:44  Photon Cannon x2  
  200  14:46  Photon Cannon  
  200  14:47  Photon Cannon, Protoss Ground Weapons Level 2 (Chrono Boost)  
  200  14:49  Shield Battery, Photon Cannon  
  200  14:53  Shield Battery  
  200  14:57  Photon Cannon  
  200  15:08  Protoss Air Weapons Level 3 (Chrono Boost)  
  200  15:25  Photon Cannon  
  176  15:35  High Templar  
  176  15:36  High Templar x6  
  176  15:37  High Templar x4  
  176  15:42  Archon x5  
  198  15:44  Zealot  
  189  16:16  Probe x4  
  189  16:17  Probe  
  180  16:28  Probe x4  
  180  16:29  Probe, Gateway  
  179  16:32  Photon Cannon  
  179  16:36  Carrier  
  179  16:37  Carrier x2  
  197  16:40  Probe x3  
  194  17:25  Carrier  
  196  17:33  High Templar x2  
  196  18:19  Observer (Chrono Boost)  
  197  18:21  Nexus  
  197  18:34  Observer (Chrono Boost)  
  198  19:30  Carrier  
Tags
 
Add a new tag
Caveats
  • Supply blocks, unpowered buildings, or Contaminate may cause inaccurate times.
  • Supply counts are checked every 10 seconds.